 Dungeon Crawl Stone Soup version 0.20.1-1-g8b1a95d (webtiles) character file.

102 polve the Skirmisher (level 4, -2/45 HPs)
             Began as a Troll Fighter on Aug 13, 2017.
             Slain by jmlagarto's ghost (13 damage)
             ... on level 3 of the Dungeon.
             The game lasted 00:01:37 (1846 turns).

polve the Skirmisher (Troll Fighter)                Turns: 1846, Time: 00:01:38

Health: -2/45      AC:  5    Str: 24    XL:     4   Next: 49%
Magic:  3/3        EV:  8    Int:  4    God:
Gold:   125        SH:  8    Dex: 10    Spells: 3/3 levels left

rFire    . . .     SeeInvis .     - Unarmed
rCold    . . .     Gourm    +   b - +0 shield
rNeg     . . .     Faith    .   k - +0 robe (curse)
rPois    .         Spirit   .   (helmet restricted)
rElec    .         Reflect  .   (no cloak)
rCorr    .         Harm     .   (gloves unavailable)
MR       +....                  (boots unavailable)
Stlth    +.........             h - amulet of rage
Regen    0.6/turn               i - ring of protection from magic
MPRegen  0.1/turn               (no ring)

@: no status effects
A: unfitting armour, claws 3, fast metabolism 3, gourmand, regeneration 1,
shaggy fur 1, tough skin 2
a: Evoke Berserk Rage


You were on level 3 of the Dungeon.
You were very full.

You visited 1 branch of the dungeon, and saw 3 of its levels.

You collected 125 gold pieces.

Inventory:

Armour
 b - a +0 shield (worn)
 k - a cursed +0 robe (worn)
Jewellery
 h - an amulet of rage (around neck)
 i - a ring of protection from magic (left claw)
 o - an uncursed ring of ice
Scrolls
 e - 5 scrolls of identify {unknown}
 f - a scroll of random uselessness {unknown}
 l - a scroll of teleportation {unknown}
 m - a scroll of recharging {unknown}
 q - 2 scrolls of enchant armour {unknown}
 s - 3 scrolls of magic mapping {unknown}
Potions
 a - 2 potions of flight {unknown}
 c - a potion of might
 g - a potion of degeneration {unknown}
 j - a potion of curing {unknown}
 p - 2 potions of heal wounds {unknown}
 t - a potion of haste {unknown}
 u - a potion of ambrosia {unknown}
Comestibles
 d - 3 bread rations
 n - 2 royal jellies
 r - 5 chunks of flesh


   Skills:
 + Level 3.5 Fighting
 - Level 2.4 Dodging
 - Level 2.4 Shields
 + Level 3.5 Unarmed Combat


You had 3 spell levels left.
You didn't know any spells.

Dungeon Overview and Level Annotations

Branches:
Dungeon (3/15)

Altars:
Fedhas

Annotations:
D:3 jmlagarto's ghost, amateur DDFi


Innate Abilities, Weirdness & Mutations

You are too large for most types of armour.
You have claws for hands.
Your metabolism is lightning-fast.
You like to eat raw meat.
Your natural rate of healing is unusually fast.
You are covered in fur. (AC +1)
You have very tough skin. (AC +2)


Message History

Jmlagarto's ghost is heavily damaged.
You block jmlagarto's ghost's attack.
You scratch jmlagarto's ghost but do no damage.
Jmlagarto's ghost is heavily damaged.
Jmlagarto's ghost hits you.
* * * LOW HITPOINT WARNING * * *
You scratch jmlagarto's ghost.
Jmlagarto's ghost is severely damaged.
Jmlagarto's ghost barely misses you.
Your shield prevents you from hitting jmlagarto's ghost.
Jmlagarto's ghost is severely damaged.
Jmlagarto's ghost hits you.
* * * LOW HITPOINT WARNING * * *
You barely miss jmlagarto's ghost.
Jmlagarto's ghost is severely damaged.
You block jmlagarto's ghost's attack.
You scratch jmlagarto's ghost.
Jmlagarto's ghost is severely damaged.
Jmlagarto's ghost hits you!
You die...

###.##.#...รท...####.#
#......<.......#
###.#####.###### #.
#.# #.#####.#
####.#.....#
#.......#### #.##.#..#
# #@.# ......W.......#
##.##.#..####.# #.#..#
. ..<. ## #...# ###.#
.#


You could see jmlagarto's ghost.

Vanquished Creatures
  Terence (D:2)
  An adder (D:2)
  An ooze (D:3)
  A worm (D:2)
  A dart slug (D:2)
  2 leopard geckos
  A ball python (D:1)
  10 bats
  A giant cockroach (D:1)
  5 hobgoblins
  6 jackals
  A frilled lizard (D:1)
  9 goblins
  8 kobolds
  6 rats
54 creatures vanquished.

Notes
Turn   | Place    | Note
-------+----------+-------------------------------------------
     0 | D:1      | polve the Troll Fighter began the quest for the Orb.
     0 | D:1      | Reached XP level 1. HP: 22/22 MP: 0/0
   173 | D:1      | Reached XP level 2. HP: 29/29 MP: 1/1
   547 | D:1      | Reached XP level 3. HP: 37/37 MP: 2/2
   881 | D:2      | Noticed Terence
   887 | D:2      | Killed Terence
   951 | D:2      | Reached XP level 4. HP: 45/45 MP: 3/3
  1437 | D:2      | Found a blossoming altar of Fedhas.
  1687 | D:3      | Found a faded altar of an unknown god.
  1836 | D:3      | Noticed jmlagarto's ghost (amateur DDFi)
  1846 | D:3      | Slain by jmlagarto's ghost

Skill      XL: |  1  2  3 |
---------------+----------+-----
Fighting       | 3 |  3.5
Unarmed Combat | 3 |  3.5
Dodging        | |  2.4
Shields        | |  2.4

Action                   |  1- 3 |  4- 6 || total
-------------------------+-------+-------++-------
Melee: Unarmed           |    94 |    54 ||   148
 Stab: Sleeping          |     2 |     1 ||     3
  Eat: Chunk             |    14 |     8 ||    22
Armor: Robe              |    36 |    17 ||    53
Dodge: Dodged            |    23 |    10 ||    33
Block: Shield            |    43 |    11 ||    54
